Map: [ESL] Waterfall

Players

NightMare

  • Race: Protoss Protoss
  • Spawn Location: 7:00

Astrea - Winner!

  • Race: Protoss Protoss
  • Spawn Location: 1:00

Event: DreamHack SC2 Masters 2022 Valencia

VOD

Have the link to the VOD?

Description

Time

  • Played on: July 1, 2022, 3:01 p.m.
  • Length: 16:25

All games in this series

Show
View Real Time Build Order
Export as new Build Order

NightMare Protoss 

Build Orders: Oracle Opening 

Get SALT Encoding   

  12  0:00  Probe  
  13  0:12  Probe  
  14  0:18  Pylon  
  14  0:24  Probe (Chrono Boost)  
  15  0:36  Probe (Chrono Boost)  
  15  0:39  Gateway  
  16  0:45  Probe (Chrono Boost)  
  16  0:47  Assimilator  
  17  0:50  Probe  
  17  0:57  Assimilator  
  18  1:03  Probe (Chrono Boost)  
  19  1:06  Pylon  
  20  1:12  Probe (Chrono Boost)  
  20  1:17  Probe (Chrono Boost)  
  21  1:29  Probe  
  21  1:30  Cybernetics Core  
  22  1:37  Assimilator  
  22  1:39  Zealot  
  24  1:47  Probe  
  25  1:52  Pylon  
  25  1:59  Probe  
  26  2:07  Stalker, Warp Gate  
  28  2:16  Stargate  
  28  2:23  Probe  
  29  2:45  Nexus  
  28  2:57  Probe  
  28  2:58  Oracle (Chrono Boost)  
  32  3:09  Stalker, Probe  
  35  3:21  Probe  
  35  3:25  Oracle (Chrono Boost)  
  39  3:30  Pylon  
  39  3:39  Shield Battery  
  39  3:48  Probe  
  40  3:55  Twilight Council  
  40  3:59  Probe  
  40  4:00  Probe  
  39  4:11  Stalker, Probe  
  39  4:12  Probe  
  43  4:21  Gateway  
  43  4:23  Probe  
  45  4:24  Probe  
  45  4:26  Blink (Chrono Boost)  
  45  4:28  Gateway  
  45  4:35  Probe  
  46  4:40  Stalker  
  46  4:45  Probe  
  47  4:47  Probe  
  46  4:57  Probe  
  48  5:00  Probe  
  48  5:03  Gateway  
  48  5:05  Gateway  
  48  5:09  Probe, Assimilator  
  48  5:12  Probe  
  50  5:24  Stalker x2  
  50  5:26  Pylon  
  54  5:30  Pylon  
  54  5:38  Pylon  
  54  5:44  Probe x2  
  54  5:45  Stalker  
  54  5:47  Stalker  
  54  5:48  Stalker  
  62  5:57  Probe x2  
  62  6:02  Adept x2  
  68  6:08  Pylon  
  68  6:17  Nexus  
  68  6:23  Stalker  
  70  6:26  Stalker  
  70  6:29  Stalker  
  74  6:40  Stalker x2  
  78  6:51  Shield Battery  
  78  6:53  Stalker x2  
  78  6:54  Stalker  
  78  6:58  Shield Battery  
  79  7:04  Stalker  
  79  7:05  Stalker  
  79  7:08  Pylon, Probe  
  84  7:09  Probe  
  85  7:18  Charge (Chrono Boost)  
  85  7:20  Probe  
  86  7:24  Gateway  
  86  7:26  Probe  
  86  7:27  Gateway  
  87  7:31  Probe  
  87  7:32  Probe  
  89  7:38  Probe  
  89  7:43  Probe  
  91  7:44  Probe  
  91  7:50  Probe  
  93  7:55  Probe  
  93  7:56  Probe  
  95  8:01  Stalker x5  
  95  8:02  Probe  
  106  8:07  Pylon, Probe  
  106  8:08  Probe  
  108  8:13  Pylon  
  108  8:14  Robotics Facility  
  106  8:32  Stalker  
  106  8:33  Stalker x5  
  112  8:37  Stalker  
  112  8:54  Pylon  
  112  9:01  Adept x2  
  116  9:03  Adept  
  116  9:04  Adept  
  116  9:05  Stalker x2  
  124  9:16  Pylon x2  
  122  9:19  Forge  
  122  9:25  Stalker x4  
  122  9:27  Stalker  
  132  9:33  Nexus  
  132  9:34  Pylon  
  132  9:43  Stalker x2  
  131  9:52  Stalker x5  
  141  9:58  Protoss Ground Weapons Level 1 (Chrono Boost)  
  137  10:15  Zealot x6  
  149  10:22  Nexus, Pylon  
  149  10:24  Pylon  
  149  10:25  Pylon  
  147  10:44  Stalker x6  
  147  10:46  Zealot  
  155  11:01  Probe x3  
  155  11:04  Shield Battery  
  158  11:05  Shield Battery  
  156  11:13  Probe x3  
  156  11:14  Pylon  
  156  11:20  Zealot x5  
  156  11:23  Adept x2  
  164  11:44  Probe x4  
  168  11:48  Observer  
  168  11:49  Dark Shrine  
  168  11:52  Zealot x2  
  168  11:53  Shield Battery, Protoss Ground Weapons Level 2 (Chrono Boost), Zealot  
  169  11:55  Zealot x4  
  177  12:04  Photon Cannon  
  149  12:17  Zealot x5  
  149  12:18  Zealot x2  
  155  12:26  Probe x2  
  155  12:27  Probe x2  
  155  12:28  Pylon  
  158  12:41  Stalker  
  158  12:42  Stalker x5  
  158  12:43  Stalker  
  171  13:08  Observer (Chrono Boost)  
  171  13:11  Assimilator  
  166  13:13  Dark Templar x2  
  166  13:14  Dark Templar  
  166  13:15  Zealot x4  
  174  13:21  Probe x3  
  174  13:22  Photon Cannon  
  157  13:43  Zealot x4  
  165  13:50  Nexus  
  165  13:52  Nexus  
  165  13:53  Pylon, Shadow Stride (Chrono Boost)  
  165  13:55  Probe x3  
  168  13:56  Probe, Assimilator x3  
  168  13:57  Assimilator  
  168  14:01  Zealot x3  
  175  14:04  Gateway  
  175  14:06  Gateway x2  
  175  14:07  Probe x2  
  175  14:14  Dark Templar x4  
  173  14:27  Zealot x3  
  131  14:48  Stalker x5  
  131  14:49  Stalker x2  
  139  14:53  Probe x3  
  139  14:59  Stalker  
  142  15:03  Probe  
  142  15:05  Stalker x2, Probe  
  146  15:08  Observer (Chrono Boost)  
  135  15:21  Zealot  
  135  15:22  Zealot x7  
  151  15:28  Dark Templar x2  
  151  15:35  Nexus  
  151  15:37  Pylon  
  135  15:46  Dark Templar  
  135  15:47  Dark Templar x3  
  135  15:49  Dark Templar  
  129  16:01  Stalker x5  
  123  16:08  Shield Battery  
  123  16:10  Nexus  
Show
View Real Time Build Order
Export as new Build Order

Astrea Protoss - Winner!

Build Orders: 1 Gate Expand 

Get SALT Encoding   

  12  0:00  Probe  
  13  0:12  Probe  
  14  0:17  Pylon  
  14  0:24  Probe (Chrono Boost)  
  16  0:36  Probe (Chrono Boost)  
  16  0:38  Gateway  
  16  0:43  Probe (Chrono Boost)  
  16  0:46  Assimilator  
  17  0:51  Probe  
  18  1:03  Probe  
  20  1:21  Nexus  
  20  1:24  Probe  
  20  1:35  Cybernetics Core  
  20  1:38  Probe  
  21  1:44  Pylon  
  21  1:50  Probe  
  22  2:02  Probe  
  22  2:07  Warp Gate (Chrono Boost)  
  23  2:10  Stalker (Chrono Boost)  
  23  2:14  Probe  
  26  2:26  Probe  
  27  2:32  Assimilator  
  27  2:35  Probe  
  28  2:39  Probe  
  28  2:41  Stalker  
  31  2:47  Probe  
  31  2:50  Gateway  
  31  2:54  Probe  
  31  2:55  Gateway  
  32  2:58  Shield Battery  
  32  3:00  Probe  
  33  3:05  Shield Battery  
  33  3:10  Probe  
  34  3:16  Gateway  
  34  3:20  Probe  
  34  3:23  Probe  
  36  3:29  Pylon  
  36  3:32  Probe  
  37  3:36  Probe  
  38  3:41  Stalker  
  38  3:47  Stalker, Pylon  
  42  3:54  Stalker  
  42  3:55  Probe x2  
  45  4:01  Twilight Council  
  45  4:08  Probe (Chrono Boost)  
  42  4:10  Probe (Chrono Boost)  
  44  4:18  Probe (Chrono Boost)  
  44  4:19  Adept, Probe (Chrono Boost)  
  44  4:20  Adept  
  44  4:23  Probe (Chrono Boost)  
  49  4:24  Probe (Chrono Boost)  
  49  4:28  Pylon  
  51  4:32  Robotics Facility  
  51  4:33  Blink (Chrono Boost)  
  51  4:34  Probe  
  51  4:36  Probe  
  52  4:46  Probe  
  52  4:48  Probe  
  52  4:55  Assimilator  
  52  4:56  Stalker x2  
  52  4:58  Probe  
  55  5:01  Probe  
  55  5:02  Pylon  
  55  5:04  Assimilator  
  56  5:11  Gateway  
  56  5:21  Stalker x3  
  61  5:25  Probe x2  
  61  5:26  Observer (Chrono Boost)  
  64  5:37  Pylon  
  64  5:44  Stalker, Adept x2  
  70  5:52  Nexus  
  70  6:01  Observer  
  70  6:02  Probe x2  
  70  6:03  Pylon  
  73  6:05  Stalker  
  73  6:06  Stalker  
  77  6:16  Pylon  
  77  6:18  Pylon, Forge  
  77  6:22  Charge, Probe  
  78  6:34  Probe  
  78  6:37  Probe  
  78  6:38  Stalker x3  
  86  6:40  Stalker  
  88  6:49  Protoss Ground Weapons Level 1 (Chrono Boost)  
  88  6:52  Probe x2  
  88  7:05  Probe  
  88  7:08  Probe x2  
  89  7:17  Probe  
  89  7:18  Gateway  
  89  7:20  Probe, Gateway  
  90  7:22  Gateway  
  90  7:25  Gateway  
  90  7:30  Observer  
  90  7:32  Probe  
  90  7:33  Probe x2  
  94  7:41  Pylon  
  94  7:44  Probe  
  94  7:47  Stalker x4  
  94  7:50  Shield Battery  
  102  7:54  Warp Prism (Chrono Boost)  
  102  8:10  Stalker x4  
  102  8:12  Pylon  
  110  8:15  Pylon  
  109  8:23  Stalker x2  
  109  8:24  Stalker x2  
  119  8:37  Nexus, Probe  
  118  8:45  Stalker x4  
  124  8:52  Probe x2  
  124  8:53  Pylon  
  124  8:55  Stalker x2  
  130  9:03  Zealot  
  130  9:04  Protoss Ground Weapons Level 2 (Chrono Boost)  
  132  9:13  Pylon  
  132  9:14  Pylon  
  132  9:28  Probe x3  
  132  9:29  Pylon  
  132  9:30  Photon Cannon  
  136  9:31  Observer  
  136  9:33  Zealot x8  
  149  9:42  Probe  
  147  9:51  Zealot  
  147  9:52  Observer  
  148  9:54  Zealot x3  
  148  9:58  Probe x2  
  152  10:02  Probe  
  153  10:07  Probe  
  153  10:10  Probe x2  
  153  10:12  Observer  
  157  10:14  Probe  
  157  10:18  Shield Battery  
  157  10:19  Probe  
  159  10:21  Zealot x4  
  159  10:24  Zealot x2  
  159  10:27  Zealot x2  
  172  10:43  Zealot x4  
  172  10:46  Pylon  
  172  10:47  Pylon  
  172  11:03  Zealot x3  
  172  11:07  Warp Prism (Chrono Boost)  
  172  11:09  Gateway  
  174  11:11  Zealot x5  
  174  11:12  Pylon, Gateway  
  174  11:13  Protoss Ground Weapons Level 3 (Chrono Boost)  
  184  11:21  Robotics Bay  
  184  11:22  Robotics Facility  
  184  11:23  Photon Cannon  
  184  11:25  Photon Cannon  
  184  11:26  Photon Cannon  
  184  11:43  Zealot x7  
  192  11:59  Assimilator  
  190  12:02  Assimilator  
  186  12:09  Nexus  
  186  12:10  Disruptor (Chrono Boost)  
  186  12:12  Zealot x3  
  183  12:17  Gravitic Boosters  
  183  12:20  Stalker  
  183  12:21  Stalker x5, Disruptor (Chrono Boost)  
  185  12:27  Probe  
  185  12:28  Probe x3  
  189  12:37  Pylon  
  189  12:39  Disruptor (Chrono Boost)  
  192  12:58  Disruptor (Chrono Boost)  
  195  13:03  Pylon  
  183  13:24  Observer (Chrono Boost)  
  157  13:34  Disruptor (Chrono Boost), Zealot x10  
  165  13:41  Probe x4  
  165  13:47  Disruptor (Chrono Boost)  
  168  13:54  Zealot x6  
  168  13:55  Zealot x4  
  188  13:56  Photon Cannon  
  188  13:59  Pylon  
  188  14:03  Photon Cannon  
  188  14:05  Shield Battery  
  189  14:13  Disruptor (Chrono Boost)  
  189  14:16  Observer (Chrono Boost)  
  183  14:19  Zealot x4  
  183  14:20  Zealot x4  
  183  14:21  Photon Cannon  
  183  14:22  Pylon  
  188  14:36  Disruptor  
  175  14:45  Zealot x10  
  178  14:50  Disruptor  
  171  14:53  Probe  
  171  14:54  Probe x4  
  174  15:07  Nexus  
  174  15:11  Stalker x9, Disruptor  
  187  15:28  Pylon  
  187  15:31  Pylon  
  179  15:42  Stalker x10  
  191  15:49  Observer  
  167  16:07  Zealot x10  

Tags
 
Add a new tag
Caveats
  • Supply blocks, unpowered buildings, or Contaminate may cause inaccurate times.
  • Supply counts are checked every 10 seconds.